 Dungeon Crawl Stone Soup version 0.23.2-30-g0e89c35649 (webtiles) character file.

Game seed: 14840594563926583820

22545 Mrkan the Severer (level 12, -8/112 HPs)
             Began as a Minotaur Fighter on June 24, 2019.
             Was an Elder of Uskayaw.
             Mangled by a meliai
             ... wielding a +0 war axe
              (13 damage)
             ... while petrified by a basilisk
             ... on level 4 of the Lair of Beasts.
             The game lasted 00:28:32 (11030 turns).

Mrkan the Severer (Minotaur Fighter)               Turns: 11030, Time: 00:28:33

Health: -8/112     AC: 16    Str: 24    XL:     12   Next: 64%
Magic:  14/16      EV:  2    Int:  7    God:    Uskayaw [****..]
Gold:   1108       SH:  0    Dex: 15    Spells: 11/11 levels left

rFire    + . .     SeeInvis .   r - +4 broad axe (vamp)
rCold    + . .     Gourm    +   c - +0 shield
rNeg     + + +     Faith    .   E - +2 chain mail {rPois}
rPois    ∞         Spirit   .   G - +2 hat
rElec    .         Reflect  .   y - +0 cloak
rCorr    .         Harm     .   w - +1 pair of gloves {Str+3}
MR       .....                  (no boots)
Stlth    ..........             q - amulet of the gourmand
HPRegen  0.28/turn              L - ring of protection from cold
MPRegen  0.15/turn              M - ring of protection from fire

@: lethally poisoned (-8 -> -8), petrified
A: retaliatory headbutt, hooves 1, horns 2, clever 1, mutation resistance 1
a: Stomp, Line Pass, Renounce Religion


You were on level 4 of the Lair of Beasts.
You worshipped Uskayaw.
Uskayaw was noncommittal.
You were completely stuffed.

You visited 3 branches of the dungeon, and saw 15 of its levels.
You also visited: Ossuary.

You collected 1108 gold pieces.

Inventory:

Hand Weapons
 a - a +1 war axe
 r - a +4 vampiric broad axe (weapon)
 F - a +2 flail of crushing
 Q - a +2 glaive of chopping
Missiles
 l - 44 poisoned needles
Armour
 c - a +0 shield (worn)
 w - a +1 pair of gloves of strength (worn)
 y - a +0 cloak (worn)
 E - a +2 chain mail of poison resistance (worn)
 G - a +2 hat (worn)
 N - a +0 plate armour
Jewellery
 e - an uncursed amulet of harm
 n - an uncursed amulet of guardian spirit
 q - an amulet of the gourmand (around neck)
 L - a ring of protection from cold (left hand)
 M - a ring of protection from fire (right hand)
Wands
 t - a wand of polymorph (11)
 I - a wand of disintegration (21)
 P - a wand of iceblast (4)
Scrolls
 b - a scroll of magic mapping
 g - a scroll of torment
 h - 4 scrolls of fog
 k - 3 scrolls of remove curse
 s - a scroll of blinking
 u - a scroll of amnesia
 x - a scroll of enchant armour
 A - a scroll of summoning {unknown}
 J - 9 scrolls of teleportation
 K - a scroll of noise {unknown}
 O - 2 scrolls of identify
Potions
 d - a potion of might
 i - 2 potions of agility
 j - 5 potions of haste
 m - a potion of ambrosia
 o - 6 potions of flight
 p - 11 potions of curing
 v - 2 potions of berserk rage
 z - 3 potions of heal wounds
 B - 2 potions of lignification
 C - 2 potions of brilliance {unknown}
 D - 2 potions of magic {unknown}
 H - a potion of cancellation {unknown}
 R - a potion of mutation
Comestibles
 f - 25 rations
 S - 3 chunks of flesh


   Skills:
 + Level 12.2 Fighting
 * Level 16.0 Axes
 - Level 3.6 Armour
 + Level 12.2 Shields
 + Level 7.9 Invocations


You had 11 spell levels left.
You didn't know any spells.
Your spell library contained the following spells:

 Spells                   Type           Power        Failure   Level  Hunger
 Shock                    Conj/Air       #...         99%         1    ##.....
 Summon Butterflies       Summ           #.......     99%         1    ##.....
 Swiftness                Chrm/Air       #.......     100%        2    ###....
 Call Canine Familiar     Summ           #.......     100%        3    ####...
 Static Discharge         Conj/Air       #.......     100%        3    ####...
 Airstrike                Air            #.........   100%        4    #####..
 Summon Ice Beast         Ice/Summ       #.......     100%        4    #####..
 Lightning Bolt           Conj/Air       #.........   100%        5    ######.
 Summon Mana Viper        Hex/Summ       #.......     100%        5    ######.
 Summon Hydra             Summ           #.........   100%        7    #######


Dungeon Overview and Level Annotations

Branches:
Dungeon (10/15)            Temple (1/1) D:6            Lair (4/6) D:10
 Shoals (0/4) Lair:3       Spider (0/4) Lair:3          Orc (0/2) D:9

Altars:
Ashenzari
Cheibriados
Dithmenos
Elyvilon
Fedhas
Gozag
Hepliaklqana
Kikubaaqudgha
Makhleb
Nemelex Xobeh
Okawaru
Qazlal
Ru
Sif Muna
Trog
Uskayaw
Vehumet
Wu Jian
Xom
Yredelemnul
Zin
The Shining One

Shops:
D:6 (

Annotations:
D:5 4 runed translucent doors
D:8 exclusion: statue


Innate Abilities, Weirdness & Mutations

You reflexively headbutt those who attack you in melee.
You have a pair of horns on your head.
You have large cloven feet.
Your mind is acute. (Int +2)
You are somewhat resistant to further mutation.


Message History

* * * LOW HITPOINT WARNING * * *
The meliai stings you.
The queen bee stings you but does no damage.
The killer bee barely misses you. The killer bee stings you.
* * * LOW HITPOINT WARNING * * *
The meliai hits you but does no damage. The meliai stings you!
* * * LOW HITPOINT WARNING * * *
The killer bee stings you.
* * * LOW HITPOINT WARNING * * *
The killer bee stings you but does no damage.
The meliai hits you with a +0 war axe.
* * * LOW HITPOINT WARNING * * *
The meliai stings you but does no damage.
The killer bee stings you but does no damage.
The elephant tramples you.
You hold your ground!
The elephant trunk-slaps you but does no damage.
The queen bee barely misses you.
The killer bee stings you but does no damage. x2
The meliai hits you with a +0 war axe!!
You die...

.............#...#
.^..........#..#.#
............#....#
.............#..## ##
+##P.......≈.#.#### #)##
.##..........#.##.##y#..
..#.......######.......#
..#.......######yy..##
.#............##@y...#
.##.........#.##yY..##
................#...#
.............P...####
.................#
...............≈...
.................#.#
...................#
###................#


You could see an elephant, a queen bee, a meliai (berserk) and 3 killer bees.

Vanquished Creatures
  Gastronok (Lair:1)
  3 death yaks (D:10)
  Urug (Lair:2)
  A lindwurm (Lair:4)
  Pikel (D:5)
  2 black mambas
  2 merfolk sirens (Lair:3)
  Joseph (D:7)
  A torpor snail (Lair:2)
  3 spiny frogs
  3 komodo dragons (Lair:1)
  A troll (D:9)
  A polar bear (Lair:4)
  3 hippogriffs
  2 dream sheep (Lair:2)
  2 blink frogs
  Sigmund (D:5)
  3 redbacks (Lair:3)
  A wraith (D:10)
  3 basilisks
  29 yaks
  A hungry ghost (D:10)
  Edmund (D:4)
  4 water moccasins
  7 porcupines
  A sky beast (D:5)
  2 slaves (D:5)
  8 orc warriors
  2 necrophages
  5 ogres
  3 phantoms
  A centaur (D:5)
  8 crocodiles
  5 bullfrogs
  A wyvern zombie (D:10)
  3 scorpions
  12 killer bees
  8 wights
  6 howler monkeys
  2 crimson imps (D:7)
  A centaur zombie (D:5)
  A quasit (D:10)
  4 hounds
  2 jellies
  8 orc wizards
  5 orc priests
  3 bullfrog skeletons
  A gnoll shaman (D:5)
  A centaur skeleton (D:9)
  Jessica (D:3)
  An iguana (D:9)
  13 worker ants
  A hound zombie (D:8)
  8 mummies (Ossuary)
  2 worker ant zombies
  Robin (D:3)
  A howler monkey skeleton (D:7)
  17 adders
  A river rat (D:10)
  3 shadow imps
  5 oozes
  A dart slug (D:2)
  4 leopard geckos
  49 orcs
  2 ball pythons
  22 bats
  10 giant cockroaches
  A gnoll zombie (Ossuary)
  17 goblins
  9 hobgoblins
  10 jackals
  A quokka (D:7)
  6 frilled lizards
  2 hobgoblin zombies (Ossuary)
  7 kobolds
  3 kobold zombies (Ossuary)
  2 orc zombies (Ossuary)
  5 rats
  3 fungi
  A plant (Lair:4)
380 creatures vanquished.

Vanquished Creatures (others)
  A plant (Lair:4)
1 creature vanquished.

Grand Total: 381 creatures vanquished

Notes
Turn   | Place    | Note
-------+----------+-------------------------------------------
     0 | D:1      | Mrkan the Minotaur Fighter began the quest for the Orb.
     0 | D:1      | Reached XP level 1. HP: 19/19 MP: 0/0
   117 | D:1      | Reached skill level 3 in Axes
   117 | D:1      | Reached XP level 2. HP: 27/27 MP: 1/1
   485 | D:1      | Reached XP level 3. HP: 33/33 MP: 2/2
  1070 | D:2      | Reached skill level 4 in Axes
  1121 | D:2      | Reached XP level 4. HP: 41/41 MP: 3/3
  1665 | D:3      | Reached XP level 5. HP: 47/47 MP: 4/4
  1734 | D:3      | Noticed Jessica
  1741 | D:3      | Killed Jessica
  1741 | D:3      | Reached skill level 5 in Axes
  1883 | D:3      | Noticed Robin
  1905 | D:3      | Killed Robin
  1905 | D:3      | Reached skill level 5 in Fighting
  2143 | D:4      | Reached skill level 5 in Shields
  2159 | D:4      | Noticed Edmund
  2172 | D:4      | Killed Edmund
  2172 | D:4      | Reached skill level 6 in Axes
  2172 | D:4      | Reached XP level 6. HP: 20/56 MP: 5/5
  2461 | D:4      | Reached XP level 7. HP: 44/62 MP: 6/6
  2543 | D:4      | Reached skill level 7 in Axes
  2708 | D:5      | Entered Level 5 of the Dungeon
  2708 | D:5      | Found a large runed translucent door.
  2708 | D:5      | Found a large runed translucent door.
  2708 | D:5      | Noticed Sigmund
  2726 | D:4      | Gained mutation: You are dopey. (Int -2) [potion of
                  | mutation]
  2726 | D:4      | Gained mutation: You are partially covered in slimy green
                  | scales. (AC +2) [potion of mutation]
  2726 | D:4      | Gained mutation: Your flesh is cold resistant. (rC+)
                  | [potion of mutation]
  2819 | D:5      | Found a sand-covered staircase.
  2836 | Ossuary  | Entered an ossuary
  3076 | Ossuary  | Lost mutation: You are partially covered in slimy green
                  | scales. (AC +2) [potion of mutation]
  3076 | Ossuary  | Lost mutation: You are dopey. (Int -2) [potion of mutation]
  3076 | Ossuary  | Lost mutation: Your flesh is cold resistant. (rC+) [potion
                  | of mutation]
  3076 | Ossuary  | Gained mutation: Your mind is acute. (Int +2) [potion of
                  | mutation]
  3076 | Ossuary  | Gained mutation: You have large cloven feet. [potion of
                  | mutation]
  3076 | Ossuary  | Gained mutation: You are somewhat resistant to further
                  | mutation. [potion of mutation]
  3121 | D:5      | Found a large runed translucent door.
  3122 | D:5      | Found a large runed translucent door.
  3244 | D:5      | Reached skill level 8 in Axes
  3264 | D:5      | Killed Sigmund
  3264 | D:5      | Reached XP level 8. HP: 33/71 MP: 7/7
  3499 | D:5      | Reached skill level 9 in Axes
  3727 | D:5      | Noticed Pikel
  3745 | D:5      | Killed Pikel
  3745 | D:5      | Reached skill level 10 in Axes
  3745 | D:5      | Reached XP level 9. HP: 35/81 MP: 8/8
  4313 | D:6      | Found Amakh's Weapon Shop.
  4445 | D:6      | Found a staircase to the Ecumenical Temple.
  4464 | Temple   | Entered the Ecumenical Temple
  4537 | Temple   | Became a worshipper of Uskayaw the Reveler
  4673 | D:6      | Reached * piety under Uskayaw
  5044 | D:6      | Reached ** piety under Uskayaw
  5132 | D:7      | Reached *** piety under Uskayaw
  5137 | D:7      | Reached **** piety under Uskayaw
  5141 | D:7      | Reached skill level 1 in Invocations
  5263 | D:7      | Reached ***** piety under Uskayaw
  5349 | D:7      | Reached skill level 11 in Axes
  5380 | D:7      | Noticed Joseph
  5405 | D:7      | Killed Joseph
  6274 | D:8      | Found a radiant altar of Vehumet.
  6536 | D:8      | Reached XP level 10. HP: 91/91 MP: 11/11
  6828 | D:9      | Reached skill level 12 in Axes
  7334 | D:9      | Found a staircase to the Orcish Mines.
  7421 | D:10     | Entered Level 10 of the Dungeon
  7516 | D:10     | Reached skill level 10 in Fighting
  7516 | D:10     | Reached skill level 10 in Shields
  7651 | D:10     | Reached skill level 13 in Axes
  7730 | D:10     | Reached skill level 5 in Invocations
  7740 | D:10     | Noticed a death yak
  7743 | D:10     | Noticed a death yak
  7750 | D:10     | Noticed a death yak
  7752 | D:10     | Killed a death yak
  7752 | D:10     | Reached XP level 11. HP: 46/101 MP: 11/13
  7752 | D:10     | Killed a death yak
  7754 | D:10     | Found a staircase to the Lair.
  7757 | D:10     | Killed a death yak
  7772 | D:10     | Reached ****** piety under Uskayaw
  8274 | Lair:1   | Entered Level 1 of the Lair of Beasts
  8431 | Lair:1   | Reached skill level 14 in Axes
  8808 | Lair:1   | Noticed Gastronok
  8823 | Lair:1   | Killed Gastronok
  9267 | Lair:2   | Noticed Urug
  9273 | Lair:2   | Reached XP level 12. HP: 96/109 MP: 16/16
  9275 | Lair:2   | Reached skill level 15 in Axes
  9459 | Lair:2   | Killed Urug
  9973 | Lair:3   | Found a hole to the Spider Nest.
 10605 | Lair:3   | Found a staircase to the Shoals.
 11023 | Lair:4   | Reached skill level 16 in Axes
 11029 | Lair:4   | HP: 4/112 [meliai/+0 war axe (2)]
 11030 | Lair:4   | Mangled by a meliai

Skill      XL: |  1  2  3  4  5  6  7  8  9 10 11 12 |
---------------+-------------------------------------+-----
Axes           | 3 4 6 8 10 11 13 14 16 | 16.0
Fighting       | 4 5 6 7 9 10 11 12 | 12.2
Shields        | 4 5 6 7 9 10 11 12 | 12.2
Invocations    | 3 5 6 7 |  7.9
Armour         | |  3.6

Action                   |  1- 3 |  4- 6 |  7- 9 | 10-12 || total
-------------------------+-------+-------+-------+-------++-------
Melee: War axe           |    81 |   129 |   151 |       ||   361
       Headbutt          |     9 |    25 |    47 |    79 ||   160
       Kick              |       |       |    66 |   145 ||   211
       Broad axe         |       |       |   144 |   386 ||   530
Invok: Stomp             |       |       |       |     3 ||     3
  Use: Scroll            |       |       |    20 |     4 ||    24
       Potion            |       |       |     3 |     2 ||     5
 Stab: Paralysed         |       |       |    12 |    44 ||    56
       Invisible         |       |       |       |     6 ||     6
  Eat: Chunk             |     1 |     4 |    19 |    24 ||    48
       Ration            |       |       |     2 |       ||     2
Armor: Scale mail        |    36 |    56 |    49 |       ||   141
       Chain mail        |       |       |    57 |    66 ||   123
       Plate armour      |       |       |       |   124 ||   124
Dodge: Dodged            |    31 |    43 |    70 |    62 ||   206
Block: Shield            |    56 |    67 |   167 |   187 ||   477
